 Dungeon Crawl Stone Soup version 0.30-a0-21-g5d08c37080 (webtiles) character file.

Game seed: 13484889917863232800

578 Plasmagod the Trooper (level 7, -3/47 HPs)
             Began as a Gargoyle Fighter on Aug 24, 2022.
             Slain by Pikel
             ... wielding a +2 whip of freezing
              (4 damage)
             ... on level 5 of the Dungeon.
             The game lasted 00:04:51 (4557 turns).

Plasmagod the Trooper (Gargoyle Fighter)            Turns: 4557, Time: 00:04:51

Health: -3/47      AC: 13    Str: 21    XL:     7   Next: 36%
Magic:  7/7        EV:  9    Int:  9    God:
Gold:   244        SH:  4    Dex:  9    Spells: 6/6 levels left

rFire   . . .      SeeInvis .    a - +0 war axe
rCold   . . .      Faith    .    c - +0 buckler
rNeg    + . .      Spirit   .    b - +0 scale mail
rPois   ∞          Reflect  .    t - +0 helmet
rElec   +          Harm     .    (no cloak)
rCorr   .          Rampage  .    p - +0 pair of gloves
Will    .....                    (no boots)
Stlth   ..........               (no amulet)
HPRegen 0.15/turn                (no ring)
MPRegen 0.10/turn                (no ring)

@: no status effects
A: sickness immunity, AC +4, negative energy resistance 1, electricity
resistance, torment resistance 1, petrification resistance
a: no special abilities


You were on level 5 of the Dungeon.
You visited 1 branch of the dungeon, and saw 5 of its levels.

You collected 244 gold pieces.

Inventory:

Hand Weapons
 a - a +0 war axe (weapon)
Armour
 b - a +0 scale mail (worn)
 c - a +0 buckler (worn)
 p - a +0 pair of gloves (worn)
 t - a +0 helmet (worn)
Jewellery
 f - a +6 ring of intelligence
Wands
 s - a wand of charming (11)
 v - a wand of acid (9)
 y - a wand of polymorph (10)
Scrolls
 e - a scroll of poison {unknown}
 g - a scroll of magic mapping {unknown}
 h - a scroll of amnesia {unknown}
 i - a scroll of acquirement {unknown}
 k - 3 scrolls of teleportation {unknown}
 o - 4 scrolls of identify {unknown}
 q - 2 scrolls of silence {unknown}
 r - a scroll of blinking {unknown}
 u - a scroll of enchant armour {unknown}
 x - a scroll of immolation {unknown}
Potions
 d - 2 potions of might
 j - 7 potions of curing {unknown}
 l - 2 potions of ambrosia {unknown}
 m - 3 potions of flight {unknown}
 n - a potion of haste {unknown}
 w - a potion of cancellation {unknown}


   Skills:
 + Level 6.8 Fighting
 + Level 5.2 Axes
 - Level 3.2 Armour
 - Level 3.2 Shields


You had 6 spell levels left.
You didn't know any spells.
Your spell library contained the following spells:

 Spells                   Type           Power      Damage    Failure   Level
 Freeze                   Ice            0%         1d3       82%         1
 Frozen Ramparts          Ice            0%         1d1       99%         3
 Portal Projectile        Hex/Tloc       0%         N/A       99%         3
 Tukima's Dance           Hex            0%         N/A       99%         3
 Hailstorm                Conj/Ice       0%         3d3       100%        4
 Petrify                  Tmut/Erth      0%         N/A       100%        4
 Blade Hands              Tmut           0%         N/A       100%        5
 Metabolic Englaciation   Hex/Ice        0%         N/A       100%        5
 Statue Form              Tmut/Erth      Unusable   N/A       N/A         6

Dungeon Overview and Level Annotations

Branches:
Dungeon (5/15)             Temple (0/1) D:4

Altars:

Shops:
D:4 *!(!!

Annotations:
D:3 1 runed translucent door, Crazy Yiuf
D:5 Pikel


Innate Abilities, Weirdness & Mutations

You are immune to sickness and miasma.
Your stone body is resilient. (AC +4)
You are immune to poison.
You resist negative energy. (rN+)
You are resistant to electric shocks. (rElec)
You are resistant to unholy torment.
You are immune to petrification.


Message History

Pikel hits you with a +2 whip of freezing.
Pikel freezes you.
You closely miss Pikel. You hit the lemure. x2
You hit the lemure but do no damage. The lemure closely misses you.
The lemure barely misses you. The lemure hits you but does no damage.
Pikel waves his whip at you. Pikel hits you but does no damage.
The lemure closely misses you. The lemure hits you but does no damage.
The lemure closely misses you. You block Pikel's attack.
You slash Pikel!
Pikel is moderately wounded.
You hit the lemure but do no damage. You closely miss the lemure.
You slash the lemure!
An orc wizard comes into view. It is wielding a +0 dagger.
The lemure hits you but does no damage. The lemure barely misses you.
You block the lemure's attack. Pikel misses you.
The hound bites you but does no damage.
The orc wizard shouts!
You hit Pikel.
Pikel is moderately wounded.
You hit the hound. You hit the lemure but do no damage.
You closely miss the lemure. You hit the lemure but do no damage.
The hound bites you. The lemure hits you.
* * * LOW HITPOINT WARNING * * *
The lemure hits you.
* * * LOW HITPOINT WARNING * * *
The lemure closely misses you. Pikel hits you but does no damage.
The hound bites you but does no damage.
You slash Pikel!
Pikel is heavily wounded.
You completely miss the lemure. You barely miss the lemure.
You barely miss the hound. You closely miss the lemure.
The hound bites you but does no damage. The lemure hits you but does no damage.
The lemure hits you.
* * * LOW HITPOINT WARNING * * *
The lemure hits you but does no damage.
Pikel hits you with a +2 whip of freezing!
* * * LOW HITPOINT WARNING * * *
Pikel freezes you.
You die...

......# #..?..#
# # #.....# #
#. #. #.....#.#
...#[##.......#
...............
......h5K....>.
......)@55#
......##5.#
..... #..# #
...#
#.<###.##.# ..
#...§55...# .
#..###5##.#
...... #
...###.# .. #.#


You could see Pikel, 4 lemures and a hound.

Vanquished Creatures
  An ice beast (D:4)
  An ogre (D:4)
  2 phantoms
  A scorpion (D:4)
  2 iguanas
  3 adders (D:3)
  3 worms
  5 dart slugs
  6 orcs
  7 ball pythons
  9 endoplasms
  3 giant cockroaches
  10 goblins
  10 hobgoblins
  4 jackals (D:2)
  3 quokkas
  4 bats
  4 frilled lizards
  6 kobolds
  9 rats
93 creatures vanquished.

Vanquished Creatures (others)
  2 fungi (D:3)
2 creatures vanquished.

Grand Total: 95 creatures vanquished

Notes
Turn   | Place    | Note
-------+----------+-------------------------------------------
     0 | D:1      | Plasmagod the Gargoyle Fighter began the quest for the Orb.
     0 | D:1      | Reached XP level 1. HP: 14/14 MP: 1/1
    30 | D:1      | Found a faded altar of an unknown god.
   131 | D:1      | Reached XP level 2. HP: 16/19 MP: 2/2
   662 | D:1      | Reached skill level 4 in Fighting
   662 | D:1      | Reached XP level 3. HP: 19/24 MP: 3/3
  1596 | D:2      | You fall into a shaft and drop 2 floors!
  1790 | D:4      | Reached XP level 4. HP: 30/30 MP: 4/4
  2257 | D:3      | Reached skill level 5 in Fighting
  2257 | D:3      | Reached XP level 5. HP: 27/35 MP: 5/5
  2680 | D:3      | Found a runed translucent door.
  2681 | D:3      | Noticed Crazy Yiuf
  3529 | D:4      | Noticed an ogre
  3531 | D:4      | Found Zuppeaf's General Store.
  3539 | D:4      | Killed an ogre
  3540 | D:4      | Reached XP level 6. HP: 3/41 MP: 6/6
  4147 | D:4      | Reached skill level 6 in Fighting
  4169 | D:4      | Found Acejyuco's Distillery.
  4177 | D:4      | Found Janug's Distillery.
  4191 | D:4      | Found Ijek's Antique Weapon Emporium.
  4191 | D:4      | Noticed an ice beast
  4197 | D:4      | Killed an ice beast
  4199 | D:4      | Found Udyrirch's Distillery.
  4210 | D:4      | Reached skill level 5 in Axes
  4210 | D:4      | Reached XP level 7. HP: 47/47 MP: 7/7
  4219 | D:4      | Found a staircase to the Ecumenical Temple.
  4535 | D:5      | Entered Level 5 of the Dungeon
  4543 | D:5      | Noticed Pikel
  4557 | D:5      | HP: 1/47 [Pikel/+2 whip of freezing (9)]
  4557 | D:5      | Slain by Pikel

Illustrated notes

Levels and vault maps discovered:
D:1:      lightli_arrival_statuegarden, layout_basic,
          hellmonk_ecumenical_altar_arch_garden, minmay_surrounded
D:2:      layout_loops_corners, wad_floor_pattern_untrapped,
          chequers_serial_rivers_small_3, minivault_27,
          chequers_serial_rivers_micro_d, minmay_hexomino_u4
D:3:      layout_basic, serial_glass, glass_columns_b, glass_columns_a,
          uniq_crazy_yiuf_cottage
D:4:      layout_basic, minmay_temple_entry_from_below_b, serial_shops,
          nicolae_shop_advertising_works [nicolae_subvault_shop_adworks],
          shop_fountains, shop, shop, shop
D:5:      layout_basic, mainiacjoe_overflow_boulevard,
          lemuel_zombie_altar_kikubaaqudgha, fedhas_altar_decomposition,
          minmay_hollow_rounded_squares, uniq_pikel

Skill      XL: |  1  2  3  4  5  6 |
---------------+-------------------+-----
Axes           | 2 3 4 5 |  5.2
Fighting       | 4 5 6 |  6.8
Armour         | |  3.2
Shields        | |  3.2

Action                   |  1- 3 |  4- 6 |  7- 9 || total
-------------------------+-------+-------+-------++-------
Melee: War axe           |    92 |   163 |    20 ||   275
Armor: Scale mail        |    56 |    83 |    28 ||   167
Dodge: Dodged            |    56 |    71 |    15 ||   142
Block: Buckler           |    17 |    26 |     6 ||    49

Table legend: (Time is in decaauts)
 A = Elapsed time spent in this place.
 B = Non-inter-level travel time spent in this place.
 C = Inter-level travel time spent in this place.
 D = Time resting spent in this place.
 E = Time spent auto-exploring this place.
 F = Levels seen in this place.
 G = Mean time per level.
                   A        B        C        D        E       F      G
               +--------+--------+--------+--------+--------+-----+--------+
         Total |   4661 |   4536 |    125 |    280 |   3557 |   5 |  932.2 |
       Dungeon |   4661 |   4536 |    125 |    280 |   3557 |   5 |  932.2 |
               +--------+--------+--------+--------+--------+-----+--------+

Top non-repeatable levels by time:
     D:4: 1262 daAuts
     D:1: 1261 daAuts
     D:2: 1165 daAuts
     D:3: 945 daAuts
     D:5: 27 daAuts
